 Dungeon Crawl Stone Soup version 0.25-a0-306-g3faca94807 (webtiles) character file.

Game seed: 11772775279422724890, levelgen mode: deterministic

28 Redear the Skirmisher (level 2, -3/24 HPs)
             Began as a Mummy Monk on Dec 21, 2019.
             Slain by a leopard gecko (4 damage)
             ... on level 1 of the Dungeon.
             The game lasted 00:01:02 (779 turns).

Redear the Skirmisher (Mummy Monk)                   Turns: 779, Time: 00:01:02

Health: -3/24      AC:  0    Str: 14    XL:     2   Next: 96%
Magic:  2/2        EV: 13    Int:  9    God:
Gold:   65         SH:  0    Dex: 14    Spells: 1/1 levels left

rFire    x . .     SeeInvis .     - Unarmed
rCold    + . .     Gourm    .   (no shield)
rNeg     + + +     Faith    .   (no armour)
rPois    ∞         Spirit   .   (no helmet)
rElec    .         Reflect  .   (no cloak)
rCorr    .         Harm     .   (no gloves)
MR       .....                  (no boots)
Stlth    ++........             (no amulet)
HPRegen  0.08/turn              b - ring of flight {+Fly}
MPRegen  0.08/turn              (no ring)

@: no status effects
A: no food or potions, fire vulnerability, cold resistance 1, negative energy
resistance 3, torment resistance, unbreathing
a: Evoke Flight


You were on level 1 of the Dungeon.
You were not hungry.

You visited 1 branch of the dungeon, and saw 1 of its levels.

You collected 65 gold pieces.

Inventory:

Missiles
 Z - a throwing net (quivered) {+f}
Jewellery
 b - a ring of flight (left hand) {+Fly}
Scrolls
 a - a scroll of blinking {unknown}
 c - a scroll of identify {unknown}


   Skills:
 + Level 3.4 Fighting
 + Level 2.8 Dodging
 - Level 1.5 Stealth
 + Level 2.8 Unarmed Combat


You had one spell level left.
You didn't know any spells.
Your spell library was empty.

Dungeon Overview and Level Annotations

Branches:
Dungeon (1/15)

Altars:


Innate Abilities, Weirdness & Mutations

You do not eat or drink.
Your flesh is vulnerable to fire.
You are immune to poison.
Your flesh is cold resistant. (rC+)
You are immune to negative energy. (rN+++)
You are immune to unholy pain and torment.
You can survive without breathing.


Message History

* * * LOW HITPOINT WARNING * * *
You take 2 damage, and have 3/24 hp.
The rat closely misses you.
Unknown command.
The rat barely misses you.
A kobold comes into view.
Found a stone staircase leading down.
A leopard gecko comes into view.
The kobold shouts!
The leopard gecko hisses angrily.
The leopard gecko bites you.
* * * LOW HITPOINT WARNING * * *
The kobold hits you.
* * * LOW HITPOINT WARNING * * *
You take 2 damage, and have 3/24 hp.
The kobold hits you.
* * * LOW HITPOINT WARNING * * *
You take 2 damage, and have 1/24 hp.
The kobold barely misses you. The leopard gecko bites you.
You die...

...... .# .......
.# ....... ###.##
....... ## #....#
......... .#
#....# ..........
.# #....#
.......... .#
#..>.# .........
.######## #.@..#
.....##.#
#.......###
##.lK.# #......
..........#
#.rK..# #......
..........#
#.....# #......
..........#
#.....# #......
.######...#
####.## #......
..#.......# #.#
####......
..##†##...#
#.######.........
#.##.####.#
#...............!


You could see a leopard gecko, 2 kobolds and a rat.

Vanquished Creatures
  2 oozes (D:1)
  A dart slug (D:1)
  A giant cockroach (D:1)
  2 goblins (D:1)
  2 hobgoblins (D:1)
  2 bats (D:1)
  5 kobolds (D:1)
  3 rats (D:1)
18 creatures vanquished.

Notes
Turn   | Place    | Note
-------+----------+-------------------------------------------
     0 | D:1      | Redear the Mummy Monk began the quest for the Orb.
     0 | D:1      | Reached XP level 1. HP: 18/18 MP: 1/1
   278 | D:1      | Reached XP level 2. HP: 15/24 MP: 2/2
   693 | D:1      | HP: 2/24 [dart slug (1)]
   778 | D:1      | HP: 1/24 [kobold (2)]
   779 | D:1      | Slain by a leopard gecko

Levels and vault maps discovered:
D:1:      erik_arrival_gehennom, layout_basic

Action                   || total
-------------------------++-------
Melee: Unarmed           ||    57
       Punch             ||     3
 Stab: Sleeping          ||     3
Dodge: Dodged            ||    40

Table legend:
 A = Non-vault XP
 B = Vault XP
 C = Vault XP percentage of total XP
 D = Non-vault monster count
 E = Vault monster count
 F = Vault count percentage of total count
                 A         B        C        D         E       F
            +---------+---------+-------+---------+---------+-------
      Total |      22 |      18 |  45.0 |      13 |       5 |  27.8
            +---------+---------+-------+---------+---------+-------
        D:1 |      22 |      18 |  45.0 |      13 |       5 |  27.8
            +---------+---------+-------+---------+---------+-------
